 Dungeon Sprint DCSS version 0.23-a0-171-g5ae17c6 (webtiles) character file.

662 Fang the Cleaver (level 7, -1/52 HPs)
             Began as a Gargoyle Berserker on Sept 14, 2018.
             Was an Elder of Trog.
             Slain by an ironheart preserver
             ... wielding a +0 flail
              (13 damage)
             ... in the Dungeon (Sprint V: "Ziggurat Sprint").
             The game lasted 00:01:31 (417 turns).

Fang the Cleaver (Gargoyle Berserker)                Turns: 417, Time: 00:01:31

Health: -1/52      AC: 25    Str: 33    XL:     7   Next: 56%
Magic:  7/7        EV: 12    Int: 11    God:    Trog [****..]
Gold:   0          SH:  0    Dex: 10    Spells: 6/6 levels left

rFire    . . .     SeeInvis .   k - +5 executioner's axe
rCold    . . .     Gourm    +   (shield currently unavailable)
rNeg     + . .     Faith    .   j - +5 shadow dragon scales
rPois    ∞         Spirit   .   (no helmet)
rElec    +         Reflect  .   (no cloak)
rCorr    +         Harm     .   a - +0 pair of gloves {Str+3}
MR       .....     NoTele   +   (no boots)
Stlth    ++........             z - amulet "Tual" {Gourm Int+3}
HPRegen  0.17/turn              D - +6 ring of strength
MPRegen  0.10/turn              A - ring of the Octopus King {rCorr AC+1 EV+1 Str+1 Int+1 Dex+1}

@: berserk cooldown, slowed, very slow
A: negative energy resistance 1, electricity resistance, unbreathing,
petrification resistance, rot immunity, AC +4
a: Berserk, Trog's Hand, Brothers in Arms, Renounce Religion


You were in the Dungeon.
You worshipped Trog.
Trog was greatly pleased with you.
You were hungry.

You visited 1 branch

Inventory:

Hand Weapons
 k - a +5 executioner's axe (weapon)
Armour
 a - a +0 pair of gloves of strength (worn)
 j - +5 shadow dragon scales (worn)
Jewellery
 z - the amulet "Tual" (around neck) {Gourm Int+3}
   (You found it in the Dungeon)

   [amulet of the gourmand]

   It allows you to eat raw meat even when not hungry.
   It affects your intelligence (+3).
 A - a ring of the Octopus King (right hand) {rCorr AC+1 EV+1 Str+1 Int+1 Dex+1}
   (You found it in the Dungeon)

   [ring of resist corrosion]

   It affects your AC (+1).
   It affects your evasion (+1).
   It affects your strength (+1).
   It affects your intelligence (+1).
   It affects your dexterity (+1).
 D - a +6 ring of strength (left hand)
Wands
 w - a wand of disintegration (7)
 x - a wand of iceblast (7)
 y - a wand of acid (7)
Scrolls
 i - 4 scrolls of blinking
 l - 7 scrolls of fog
 m - a scroll of holy word
 n - 5 scrolls of identify
 o - 5 scrolls of remove curse
 p - 2 scrolls of fear
Potions
 d - 10 potions of curing
 e - 10 potions of heal wounds
 f - 6 potions of haste
 g - 7 potions of magic
 h - 3 potions of berserk rage
 q - 2 potions of brilliance
 r - 2 potions of invisibility
 s - 4 potions of resistance
 t - a potion of experience
 u - 5 potions of agility
 v - 6 potions of might
Comestibles
 c - 7 rations


   Skills:
 + Level 10.1 Fighting
 + Level 10.4 Axes
 + Level 7.0 Armour
 + Level 4.1 Dodging


You had 6 spell levels left.
You didn't know any spells.
Your spell library was empty.

Dungeon Overview and Level Annotations

Branches:
Dungeon (1/1)

Altars:
Ashenzari
Cheibriados
Dithmenos
Elyvilon
Fedhas
Gozag
Hepliaklqana
Kikubaaqudgha
Makhleb
Nemelex Xobeh
Okawaru
Qazlal
Ru
Sif Muna
Trog
Uskayaw
Vehumet
Wu Jian
Xom
Yredelemnul
Zin
The Shining One
Beogh
Jiyva
Lugonu

Annotations:
D 1 transporter


Innate Abilities, Weirdness & Mutations

You are resistant to torment.
Your stone body is resilient. (AC +4)
You are immune to poison.
You resist negative energy. (rN+)
You are resistant to electric shocks. (rElec)
You can survive without breathing.
You are immune to petrification.
You are immune to rotting.


Message History

The yaktaur captain hits you.
* * * LOW HITPOINT WARNING * * *
The ironheart preserver misses you.
You cut the yaktaur captain into ribbons!!!
The yaktaur captain is severely wounded.
You completely miss the ironheart preserver.
You slash something! Something barely misses you.
The yaktaur captain hits you but does no damage.
The ironheart preserver misses you.
Unknown command.
You slash the yaktaur captain!
The yaktaur captain is almost dead.
You closely miss something.
You closely miss the ironheart preserver.
You are no longer berserk.
You are exhausted.
You feel yourself slow down. Something hits you but does no damage.
The yaktaur captain hits you but does no damage.
The ironheart preserver hits you with a flail!
You die...

▓.....▓.....▓.....▓
▓.....▓.....▓..©..▓
▓..©..▓..©..▓▓▓▓▓▓▓
▓▓▓▓▓▓▓▓▓▓▓▓▓▓
▓..8©8...▓
▓..[[:...▓
▓...:....▓
▓...c....▓
▓..p@....▓
▓.▓....▓.▓
▓...©....▓
▓▓▓▓▓▓▓▓▓▓


You could see an ironheart preserver and a yaktaur captain.

Vanquished Creatures
  A freezing wraith (D)
  2 black bears (D)
  2 wolves (D)
  A wight (D)
  An iron imp (D)
  A shadow imp (D)
  An ufetubus (D)
  A leopard gecko zombie (D)
10 creatures vanquished.

Vanquished Creatures (others)
  2 spatial maelstroms (D)
2 creatures vanquished.

Grand Total: 12 creatures vanquished

Notes
Turn   | Place    | Note
-------+----------+-------------------------------------------
     0 | D        | Found the +6 Majin-Bo {vamp, Archmagi MP+6 Int+6}
     0 | D        | Found the +7 great mace "Firestarter" {inner flame, rF++}
     0 | D        | Fang the Gargoyle Berserker began the quest for the Orb.
     0 | D        | Reached XP level 1. HP: 14/14 MP: 1/1
     1 | D        | Found a blossoming altar of Fedhas.
     3 | D        | Banished a spatial maelstrom
     6 | D        | Found a viscous altar of Jiyva.
     6 | D        | Found a hazy altar of Hepliaklqana.
     6 | D        | Found a transporter.
     6 | D        | Found an opulent altar of Gozag.
     6 | D        | Found an ancient bone altar of Kikubaaqudgha.
     6 | D        | Found a corrupted altar of Lugonu.
     8 | D        | Banished a spatial maelstrom
    10 | D        | Found a burning altar of Makhleb.
    11 | D        | Found a sacrificial altar of Ru.
    11 | D        | Found a stormy altar of Qazlal.
    11 | D        | Found a deep blue altar of Sif Muna.
    11 | D        | Found an iron altar of Okawaru.
    11 | D        | Found a bloodstained altar of Trog.
    11 | D        | Found a sparkling altar of Nemelex Xobeh.
    70 | D        | Entered arena 2.
    70 | D        | Noticed a wight
    70 | D        | Found a transporter.
    77 | D        | Killed a wight
    77 | D        | Reached skill level 5 in Fighting
    77 | D        | Reached XP level 2. HP: 21/21 MP: 2/2
    77 | D        | Reached XP level 3. HP: 26/26 MP: 3/3
   115 | D        | Entered arena 3.
   115 | D        | Found a transporter.
   119 | D        | Reached ** piety under Trog
   119 | D        | Reached skill level 5 in Axes
   119 | D        | Reached XP level 4. HP: 32/32 MP: 4/4
   258 | D        | Entered arena 4.
   258 | D        | Noticed a black bear
   258 | D        | Noticed a wolf
   258 | D        | Noticed a wolf
   258 | D        | Noticed a black bear
   258 | D        | Found a transporter.
   259 | D        | Found the ring of the Octopus King {rCorr AC+1 EV+1 Str+1
                  | Int+1 Dex+1}
   264 | D        | Killed a black bear
   264 | D        | Reached *** piety under Trog
   264 | D        | Reached XP level 5. HP: 38/38 MP: 5/5
   265 | D        | Killed a black bear
   265 | D        | Reached skill level 5 in Armour
   265 | D        | Reached XP level 6. HP: 45/45 MP: 6/6
   359 | D        | Got the amulet "Tual" {Gourm Int+3}
   362 | D        | Got a ring of the Octopus King {rCorr AC+1 EV+1 Str+1 Int+1
                  | Dex+1}
   408 | D        | Entered arena 5.
   408 | D        | Noticed a yaktaur captain
   408 | D        | Noticed a freezing wraith
   408 | D        | Noticed an ironheart preserver
   408 | D        | Found a transporter.
   413 | D        | Killed a freezing wraith
   413 | D        | Reached **** piety under Trog
   413 | D        | Reached skill level 10 in Fighting
   413 | D        | Reached skill level 10 in Axes
   413 | D        | Reached XP level 7. HP: 36/52 MP: 7/7
   417 | D        | Slain by an ironheart preserver

Vault maps used:
D:        sprint_v

Skill      XL: |  1  2  3  4  5  6 |
---------------+-------------------+-----
Fighting       | 5 6 7 8 10 | 10.1
Axes           | 4 5 7 8 10 | 10.4
Armour         | 3 4 5 7 |  7.0
Dodging        | 2 3 4 |  4.1

Action                   |  1- 3 |  4- 6 |  7- 9 || total
-------------------------+-------+-------+-------++-------
Melee: Executioner's axe |     6 |    17 |     3 ||    26
Invok: Berserk           |     2 |     2 |       ||     4
  Eat: Chunk             |       |     6 |       ||     6
Armor: Shadow dragon sca |     4 |    23 |     6 ||    33
Dodge: Dodged            |     1 |    30 |     3 ||    34

Table legend:
 A = Non-vault XP
 B = Vault XP
 C = Vault XP percentage of total XP
 D = Non-vault monster count
 E = Vault monster count
 F = Vault count percentage of total count
                 A         B        C        D         E       F
            +---------+---------+-------+---------+---------+-------
      Total |       0 |     947 | 100.0 |       0 |      10 | 100.0
            +---------+---------+-------+---------+---------+-------
          D |       0 |     947 | 100.0 |       0 |      10 | 100.0
            +---------+---------+-------+---------+---------+-------
